Map: Ruinas de Seras

Players

xXkazperXx

  • Race: Zerg Zerg

RANURA DE IA (Media)

  • Race: Terran Terran

VOD

Have the link to the VOD?

Description

Time

  • Played on: March 7, 2016, 10:25 p.m.
  • Length: 7:03
Show
View Real Time Build Order
Export as new Build Order

xXkazperXx Zerg 

Build Orders: Pool First 

Get SALT Encoding   

  12  0:05  Drone  
  13  0:08  Drone  
  14  0:21  Overlord  
  14  0:40  Drone x3  
  17  0:53  Spawning Pool  
  17  0:55  Drone  
  17  1:08  Extractor  
  16  1:14  Drone x2  
  18  1:27  Drone  
  19  1:41  Zergling x2  
  20  1:48  Queen  
  22  1:54  Overlord  
  22  2:10  Extractor  
  21  2:18  Drone x3  
  24  2:24  Pneumatized Carapace  
  24  2:48  Drone  
  24  2:49  Drone  
  26  3:01  Hatchery  
  25  3:10  Drone x2  
  25  3:11  Drone x3  
  30  3:21  Lair  
  30  3:42  Overlord x3  
  30  4:00  Zergling x2  
  31  4:14  Roach Warren  
  30  4:20  Evolution Chamber  
  29  4:35  Drone  
  29  4:36  Drone x2  
  32  4:41  Burrow  
  30  5:04  Drone x3  
  30  5:06  Drone x2  
  35  5:28  Roach x4  
  39  5:34  Tunneling Claws  
  43  5:44  Hydralisk Den  
  43  5:46  Drone  
  43  5:47  Drone  
  44  5:55  Zergling x10  
  35  6:21  Hydralisk x3  
  34  6:36  Hydralisk x3  
Show
View Real Time Build Order
Export as new Build Order

RANURA DE IA (Media) Terran 

Build Orders:  

Get SALT Encoding   

  12  0:00  SCV  
  13  0:13  SCV  
  14  0:20  Supply Depot  
  14  0:25  SCV  
  15  0:41  SCV  
  16  0:44  Barracks  
  16  0:50  Refinery  
  16  0:53  SCV  
  17  1:05  SCV  
  18  1:19  Supply Depot  
  18  1:32  Marine  
  18  1:34  Orbital Command, Barracks  
  19  1:44  Refinery  
  19  1:51  Barracks Tech Lab  
  19  2:09  Marine  
  19  2:11  Supply Depot  
  20  2:21  Marine  
  21  2:29  Marine  
  22  2:33  SCV  
  23  2:39  Marine  
  24  2:45  SCV  
  24  2:46  Marine  
  24  2:49  Supply Depot  
  26  2:56  Marine  
  26  2:57  SCV  
  28  2:58  Engineering Bay  
  28  3:04  Marine  
  29  3:09  SCV  
  30  3:22  SCV  
  30  3:23  Marauder  
  33  3:34  SCV  
  34  3:44  Marauder  
  36  5:07  Barracks Tech Lab  
  36  5:08  Marauder, SCV  
  36  5:09  Factory  
  36  5:11  Factory  
  36  5:13  Missile Turret  
  39  5:14  Missile Turret  
  39  5:15  Command Center  
  39  5:16  Supply Depot  
  39  5:20  Sensor Tower  
  39  5:23  Ghost Academy  
  39  5:26  Barracks  
  39  5:30  Marauder  
  41  5:45  SCV  
  42  5:54  Ghost  
  42  5:55  Bunker  
  44  5:58  Factory Tech Lab, Starport  
  44  5:59  Factory Tech Lab  
  44  6:01  Armory  
  44  6:04  Marine  
  44  6:14  Barracks Reactor  
  44  6:28  SCV  
  44  6:31  SCV  
  46  6:37  Starport Tech Lab, Missile Turret  
  46  6:38  Missile Turret  
  46  6:40  SCV  
  46  6:43  SCV  
  49  7:00  Bunker  
Tags
 
Add a new tag
Caveats
  • Supply blocks, unpowered buildings, or Contaminate may cause inaccurate times.
  • Supply counts are checked every 10 seconds.